 Dungeon Crawl Stone Soup version 0.26-a0-519-gb2f46efeda (webtiles) character file.

Game seed: 5793954410380382587

301 ReteAZ the Chiller (level 5, 0/38 HPs)
             Began as a Demigod Ice Elementalist on Aug 11, 2020.
             Succumbed to a worker ant's poison
             ... on level 4 of the Dungeon.
             The game lasted 00:03:41 (3974 turns).

ReteAZ the Chiller (Demigod Ice Elementalist)       Turns: 3974, Time: 00:03:42

Health: 0/38       AC:  2    Str: 17    XL:     5   Next: 90%
Magic:  7/13       EV: 12    Int: 21    God:
Gold:   110        SH:  0    Dex: 16    Spells: 6/10 levels left

rFire    . . .     SeeInvis .   k - +0 spear
rCold    . . .     Faith    .   (no shield)
rNeg     . . .     Spirit   .   a - +0 robe
rPois    .         Reflect  .   (no helmet)
rElec    .         Harm     .   (no cloak)
rCorr    .                      (no gloves)
MR       .....                  (no boots)
Stlth    ++........             (no amulet)
HPRegen  0.12/turn              j - +6 ring of strength
MPRegen  0.13/turn              (no ring)

@: lethally poisoned (0 -> -2)
A: high mp 1
a: no special abilities


You were on level 4 of the Dungeon.
You visited 1 branch of the dungeon, and saw 4 of its levels.

You collected 110 gold pieces.

Inventory:

Hand Weapons
 c - a +0 whip
 k - a +0 spear (weapon)
Armour
 a - a +0 robe (worn)
 f - a +0 kite shield
 g - a +0 cloak
Jewellery
 j - a +6 ring of strength (left hand)
Wands
 m - a wand of flame (20)
Scrolls
 b - 2 scrolls of identify {unknown}
 d - a scroll of amnesia {unknown}
 e - 4 scrolls of teleportation {unknown}
 i - 4 scrolls of blinking {unknown}
 l - a scroll of immolation {unknown}
 n - 2 scrolls of magic mapping {unknown}
 p - a scroll of fog {unknown}


   Skills:
 - Level 1.7 Dodging
 - Level 1.7 Stealth
 + Level 3.4 Spellcasting
 * Level 5.9 Ice Magic


You had 6 spell levels left.
You knew the following spells:

 Your Spells              Type           Power        Failure   Level
a - Freeze                Ice            ####         1%          1
b - Frozen Ramparts       Ice            ####..       3%          3

Your spell library contained the following spells:

 Spells                   Type           Power        Failure   Level
 Ozocubu's Armour         Ice            ####....     3%          3
 Hailstorm                Conj/Ice       ###.....     36%         4
 Summon Ice Beast         Ice/Summ       ###.....     36%         4


Dungeon Overview and Level Annotations

Branches:
Dungeon (4/15)
 Temple: D:4-7


Innate Abilities, Weirdness & Mutations

You have an increased reservoir of magic. (+10% MP)


Message History

You feel sick.
Casting: Freeze (safe; 1% risk of failure)
Confirm with . or Enter, or press ? or * to list all spells.
Okay, then.
It was a potion of might.
You feel very mighty all of a sudden.
It was a potion of cancellation.
Your magical effects are unravelling.
You feel magically purged.
You feel a little less mighty now.
* * * LOW HITPOINT WARNING * * *
You feel sick.
There is a lethal amount of poison in your body!
* * * LOW HITPOINT WARNING * * *
You feel sick.
* * * LOW HITPOINT WARNING * * *
You feel sick.
* * * LOW HITPOINT WARNING * * *
You feel sick.
You die...

#.# .# #<# .#
######.##.#
...<.....#.#
.##........# #
#.###..###.#.# #
#!#........?..
....##.#.....##...#
?.....†@(....# ###
########....(##.#
#........#
#...=.##.# ###.###
# #.# #.# #. #.


There were no monsters in sight!

Vanquished Creatures
  A black bear (D:3)
  A howler monkey (D:4)
  Jessica (D:3)
  A worker ant (D:4)
  Robin (D:3)
  2 adders
  An ooze (D:2)
  An adder skeleton (D:4)
  2 worms (D:2)
  A dart slug (D:1)
  3 leopard geckos
  A giant cockroach (D:3)
  18 goblins
  11 hobgoblins
  10 kobolds
  A ball python (D:2)
  6 bats
  5 frilled lizards
  A quokka skeleton (D:4)
  4 rats
72 creatures vanquished.

Notes
Turn   | Place    | Note
-------+----------+-------------------------------------------
     0 | D:1      | ReteAZ the Demigod Ice Elementalist began the quest for the
                  | Orb.
     0 | D:1      | Reached XP level 1. HP: 14/14 MP: 5/5
   613 | D:1      | Reached XP level 2. HP: 6/20 MP: 5/7
   614 | D:1      | Reached skill level 4 in Ice Magic
  2190 | D:2      | Reached XP level 3. HP: 21/26 MP: 3/9
  2456 | D:2      | Learned a level 3 spell: Frozen Ramparts
  2519 | D:2      | Found a sacrificial altar of Ru.
  2688 | D:2      | You fall into a shaft and drop 1 floor!
  2779 | D:2      | Found a faded altar of an unknown god.
  2779 | D:2      | Found a snail-covered altar of Cheibriados.
  2785 | D:2      | Found a faded altar of an unknown god.
  2787 | D:2      | Found a white marble altar of Elyvilon.
  2788 | D:2      | Found a hazy altar of Hepliaklqana.
  2874 | D:2      | Found a bloodstained altar of Trog.
  3168 | D:3      | Found an iron altar of Okawaru.
  3193 | D:3      | Noticed Robin
  3214 | D:3      | Reached XP level 4. HP: 8/33 MP: 3/10
  3332 | D:3      | Killed Robin
  3477 | D:3      | Noticed Jessica
  3483 | D:3      | Killed Jessica
  3483 | D:3      | Reached skill level 5 in Ice Magic
  3528 | D:3      | Found an ancient bone altar of Kikubaaqudgha.
  3719 | D:3      | Noticed a black bear
  3729 | D:3      | Killed a black bear
  3729 | D:3      | Reached XP level 5. HP: 38/38 MP: 8/12
  3967 | D:4      | HP: 1/38 [poisoned by a worker ant]
  3974 | D:4      | Succumbed to a worker ant's poison

Illustrated notes

Levels and vault maps discovered:
D:1:      onia_arrival_mini_spirals, layout_basic, serial_bayou_crossing
D:2:      layout_loops_ring, lightli_temple_of_fire, lemuel_crystal_altar,
          chequers_temple_overflow_minitemple, minmay_crystal_water
D:3:      layout_basic, okawaru_trees_2, nicolae_overflow_crystal_walls,
          uniq_jessica, uniq_robin
D:4:      layout_loops_ring, lemuel_doored_altar, serial_shops, kennysheep_mini

Skill      XL: |  1  2  3  4 |
---------------+-------------+-----
Spellcasting   | 2 3 |  3.4
Ice Magic      | 4 5 |  5.9
Dodging        | |  1.7
Stealth        | |  1.7

Action                   |  1- 3 |  4- 6 || total
-------------------------+-------+-------++-------
Melee: Unarmed           |    20 |       ||    20
       Whip              |    25 |       ||    25
       Spear             |    41 |    36 ||    77
 Cast: Freeze            |    53 |     6 ||    59
       Frozen Ramparts   |     1 |     6 ||     7
  Use: Potion            |       |     2 ||     2
 Stab: Sleeping          |     5 |     1 ||     6
Armor: Robe              |     9 |     7 ||    16
Dodge: Dodged            |    72 |    29 ||   101

Table legend: (Time is in decaauts)
 A = Elapsed time spent in this place.
 B = Non-inter-level travel time spent in this place.
 C = Inter-level travel time spent in this place.
 D = Time resting spent in this place.
 E = Time spent auto-exploring this place.
 F = Levels seen in this place.
 G = Mean time per level.
                   A        B        C        D        E       F      G
               +--------+--------+--------+--------+--------+-----+--------+
         Total |   3992 |   3909 |     83 |    290 |   3175 |   4 |  998.0 |
       Dungeon |   3992 |   3909 |     83 |    290 |   3175 |   4 |  998.0 |
               +--------+--------+--------+--------+--------+-----+--------+

Top non-repeatable levels by time:
     D:1: 1683 daAuts
     D:2: 1402 daAuts
     D:3: 844 daAuts
     D:4: 62 daAuts
